 Dungeon Crawl Stone Soup version 0.28.0 (webtiles) character file.

Game seed: 5737320643045719449

38 Ayyar the Chopper (level 3, -3/33 HPs)
             Began as a Hill Orc Monk on Apr 14, 2022.
             Slain by a quokka (4 damage)
             ... on level 1 of the Dungeon.
             The game lasted 00:02:37 (1536 turns).

Ayyar the Chopper (Hill Orc Monk)                   Turns: 1536, Time: 00:02:37

Health: -3/33      AC:  2    Str: 15    XL:     3   Next: 43%
Magic:  3/3        EV: 12    Int: 10    God:
Gold:   35         SH:  0    Dex: 13    Spells: 2/2 levels left

rFire   . . .      SeeInvis .   a - +0 hand axe
rCold   . . .      Faith    .   (no shield)
rNeg    . . .      Spirit   .   b - +0 robe
rPois   .          Reflect  .   (no helmet)
rElec   .          Harm     .   (no cloak)
rCorr   .          Rampage  .   (no gloves)
Will    .....                   (no boots)
Stlth   ++........              (no amulet)
HPRegen 0.11/turn               (no ring)
MPRegen 0.08/turn               (no ring)

@: lethally poisoned (-3 -> -4)
A: no striking features
a: no special abilities


You were on level 1 of the Dungeon.
You visited 1 branch of the dungeon, and saw 2 of its levels.

You collected 35 gold pieces.

Inventory:

Hand Weapons
 a - a +0 hand axe (weapon)
Armour
 b - a +0 robe (worn)
Scrolls
 c - a scroll of identify {unknown}
 d - a scroll of blinking {unknown}
Potions
 e - a potion of magic {unknown}


   Skills:
 + Level 4.1 Fighting
 + Level 4.5 Axes
 + Level 2.7 Dodging
 + Level 2.1 Stealth


You had 2 spell levels left.
You didn't know any spells.
Your spell library was empty.

Dungeon Overview and Level Annotations

Branches:
Dungeon (2/15)

Altars:


Message History

The quokka is moderately wounded.
The quokka closely misses you.
You barely miss the quokka.
The quokka is moderately wounded.
You hit the goblin. The quokka bites you. The goblin misses you.
You hit the goblin.
You kill the goblin!
You hit the quokka but do no damage.
The quokka bites you but does no damage.
The quokka closely misses you. The adder closely misses you.
There is a stone staircase leading up here.
The adder bites you but does no damage.
You hit the hobgoblin.
The hobgoblin is severely wounded.
You hit the adder. The hobgoblin hits you. The adder bites you.
The frilled lizard bites you. The goblin hits you with a +0 dagger.
The goblin hits you with a +0 dagger.
* * * LOW HITPOINT WARNING * * *
The adder misses you. The hobgoblin closely misses you.
Found 16 gold pieces.
The adder closely misses you. The hobgoblin barely misses you.
The adder bites you but does no damage.
There is a stone staircase leading up here.
The quokka bites you.
* * * LOW HITPOINT WARNING * * *
The goblin hits you with a +0 dagger.
* * * LOW HITPOINT WARNING * * *
The adder bites you.
* * * LOW HITPOINT WARNING * * *
You are lethally poisoned!
The adder poisons you! The quokka barely misses you.
You climb upwards.
* * * LOW HITPOINT WARNING * * *
You feel sick.
There is a stone staircase leading down here.
* * * LOW HITPOINT WARNING * * *
You feel sick. The quokka bites you.
You die...

#......................
#..).........#.#......†
#............#.#.......
#............#.#.......
#............#.#.......
#............#.#.......
#............#.#.......
#......................
######@#######.#.####..
##Sr...............
#.g...####.#.####..
#...).####.#.#####.
#..........#...#...
#........#####.#...
############.(......#####.####
#............÷......##..#.#...
#...................##..#.#.##


You could see an adder, a quokka and a goblin.

Vanquished Creatures
  A dart slug (D:1)
  2 endoplasms (D:1)
  3 giant cockroaches (D:1)
  5 goblins
  3 hobgoblins (D:1)
  2 jackals (D:1)
  3 kobolds (D:1)
  3 quokkas (D:1)
  3 bats (D:1)
  A frilled lizard (D:1)
  4 rats (D:1)
30 creatures vanquished.

Notes
Turn   | Place    | Note
-------+----------+-------------------------------------------
     0 | D:1      | Ayyar the Hill Orc Monk began the quest for the Orb.
     0 | D:1      | Reached XP level 1. HP: 19/19 MP: 1/1
   245 | D:1      | Reached XP level 2. HP: 27/27 MP: 2/2
   888 | D:1      | Reached XP level 3. HP: 19/33 MP: 3/3
  1536 | D:1      | HP: 1/33 [poisoned by an adder]
  1536 | D:1      | Slain by a quokka

Illustrated notes

Levels and vault maps discovered:
D:1:      eino_arrival_cavern_e, layout_basic
D:2:      layout_rooms, shapermc_ecumenical_altar_notcrosses, uniq_jessica

Skill      XL: |  1  2 |
---------------+-------+-----
Fighting       | 4 |  4.1
Stealth        | 2 |  2.1
Axes           | |  4.5
Dodging        | |  2.7

Action                   || total
-------------------------++-------
Melee: Hand axe          ||   102
 Stab: Sleeping          ||     4
       Distracted        ||     1
Armor: Robe              ||    22
Dodge: Dodged            ||    85
